Map: Catalyst LE

Players

Honor - Winner!

  • Race: Terran Terran
  • League: Master
  • Spawn Location: 11:00

A.I. 1 (Elite)

  • Race: Protoss Protoss
  • Spawn Location: 5:00

VOD

https://www.youtube.com/watch?v=q-oAU_Pl0eQ

Description

Time

  • Played on: April 11, 2018, 8:21 a.m.
  • Length: 10:05
Show
View Real Time Build Order
Export as new Build Order

Honor Terran - Winner!

Build Orders: Reaper Expand 

Get SALT Encoding   

  12  0:00  SCV  
  13  0:13  SCV  
  14  0:17  Supply Depot  
  14  0:25  SCV  
  15  0:39  SCV  
  15  0:40  Barracks  
  16  0:45  Refinery  
  16  0:51  SCV  
  17  1:03  SCV  
  18  1:15  SCV  
  19  1:28  Orbital Command  
  19  1:29  Reaper  
  20  1:46  Command Center  
  20  1:59  SCV  
  20  2:00  Supply Depot  
  21  2:02  Barracks Reactor  
  21  2:11  SCV  
  22  2:19  Bunker  
  22  2:23  SCV  
  22  2:27  Engineering Bay  
  23  2:32  Barracks  
  23  2:35  SCV  
  24  2:41  Refinery  
  24  2:44  Marine  
  24  2:45  Marine  
  24  2:48  SCV  
  27  2:54  Terran Infantry Weapons Level 1  
  27  2:59  Missile Turret  
  27  3:02  SCV  
  28  3:11  Orbital Command  
  28  3:12  Marine  
  29  3:16  Marine  
  29  3:19  SCV  
  31  3:30  Barracks Tech Lab  
  31  3:35  Factory, SCV  
  31  3:39  SCV, Marine  
  31  3:40  Marine  
  35  3:49  Supply Depot  
  35  3:51  SCV x2  
  37  3:57  Marine x2  
  37  3:59  Marine  
  40  4:03  SCV x2  
  42  4:11  Stimpack  
  42  4:12  Supply Depot  
  42  4:15  SCV x2, Marine x2  
  46  4:19  Starport  
  46  4:20  Factory Reactor  
  46  4:23  Marine  
  47  4:27  SCV  
  47  4:29  SCV  
  49  4:33  Marine x2  
  51  4:39  SCV  
  51  4:43  Supply Depot  
  52  4:46  Marine  
  52  4:48  Terran Infantry Armor Level 1  
  52  4:51  Marine x2  
  55  5:03  Medivac x2  
  55  5:04  Marine  
  55  5:05  Refinery  
  60  5:07  Missile Turret, Refinery  
  60  5:10  Supply Depot x2  
  60  5:11  Marine x2  
  62  5:22  SCV x2, Marauder  
  66  5:33  Medivac x2  
  66  5:34  SCV x2  
  72  5:40  Barracks  
  72  5:41  Barracks  
  72  5:43  Marine  
  72  5:44  Marine, Marauder  
  72  5:45  Barracks  
  76  5:51  SCV x2  
  76  5:55  Supply Depot  
  78  5:58  Combat Shield  
  78  6:03  SCV  
  79  6:08  Marauder  
  79  6:10  Medivac x2  
  85  6:11  Marine  
  85  6:16  Marine  
  85  6:18  Supply Depot  
  87  6:24  Supply Depot  
  87  6:28  Barracks Reactor x2  
  87  6:29  Marine, Marauder  
  90  6:34  Marine  
  90  6:35  Barracks Tech Lab  
  91  6:40  Supply Depot, Medivac x2  
  95  6:47  Marine  
  95  6:50  Marauder  
  95  6:52  Marine  
  95  6:53  Supply Depot  
  99  6:54  Concussive Shells  
  99  6:55  Supply Depot  
  99  6:58  Marauder  
  101  7:05  Marine x4  
  101  7:06  Marine  
  106  7:10  Medivac x2, Marine  
  106  7:12  Marauder  
  113  7:20  Marauder  
  115  7:22  Marine  
  115  7:28  Marine x2  
  115  7:29  Marine x3  
  121  7:33  Marauder  
  123  7:40  Marine, Medivac x2  
  123  7:41  Marauder  
  123  7:42  Supply Depot  
  123  7:44  Supply Depot  
  130  7:46  Supply Depot, Marine x3  
  130  7:47  Marine  
  134  8:03  Marine x2  
  134  8:04  Marauder x2, Marine x2  
  134  8:05  Marine x2  
  144  8:10  Medivac  
  146  8:21  Marine x2, Medivac  
  146  8:22  Marine x2  
  146  8:23  Marine  
  146  8:25  Marauder x2  
  157  8:30  Supply Depot  
  157  8:32  Supply Depot  
  157  8:38  Marine  
  158  8:47  Marine  
  158  8:48  Marine  
  158  8:49  Marauder  
  158  8:50  Medivac  
  158  8:51  Marauder  
  158  8:52  Marine x2  
  153  9:03  Supply Depot  
  153  9:04  Supply Depot  
  153  9:10  Medivac  
  153  9:11  Marauder  
  153  9:13  Marauder  
  153  9:15  Marine x2  
  153  9:16  Marine x4  
  164  9:20  Medivac  
  163  9:32  Marauder  
  163  9:33  Marine x2  
  163  9:34  Marauder  
  169  9:43  Marine x4  
Show
View Real Time Build Order
Export as new Build Order

A.I. 1 (Elite) Protoss 

Build Orders: Zealot Archon, Colossus Rush 

Get SALT Encoding   

  12  0:00  Probe  
  13  0:13  Probe  
  14  0:19  Pylon  
  14  0:25  Probe  
  15  0:33  Probe  
  15  0:40  Gateway  
  15  0:42  Probe  
  16  0:48  Assimilator  
  17  0:51  Probe  
  18  0:59  Probe  
  18  1:01  Pylon  
  19  1:07  Probe  
  20  1:18  Probe  
  21  1:29  Zealot  
  21  1:30  Probe  
  21  1:31  Cybernetics Core  
  24  1:42  Probe  
  25  1:58  Probe  
  25  2:02  Nexus  
  25  2:06  Probe  
  26  2:12  Warp Gate  
  26  2:16  Probe  
  26  2:19  Stalker  
  29  2:29  Probe  
  30  2:31  Pylon  
  29  2:41  Probe  
  30  2:47  Gateway  
  30  2:49  Assimilator  
  30  2:53  Probe  
  30  2:54  Adept  
  33  3:05  Probe, Pylon  
  34  3:10  Probe  
  34  3:17  Probe  
  34  3:18  Probe  
  36  3:21  Adept  
  39  3:29  Probe  
  40  3:35  Robotics Facility, Adept  
  40  3:40  Probe  
  43  3:42  Probe  
  43  3:45  Adept  
  44  3:52  Probe  
  44  3:54  Probe  
  48  4:04  Probe  
  48  4:05  Probe  
  50  4:13  Probe, Adept  
  50  4:16  Probe  
  53  4:20  Adept  
  53  4:22  Probe  
  56  4:25  Robotics Bay  
  56  4:28  Probe  
  56  4:29  Observer, Pylon  
  59  4:37  Robotics Facility  
  59  4:38  Probe  
  60  4:43  Pylon  
  60  4:45  Stalker  
  62  4:49  Stalker  
  64  4:53  Pylon  
  64  4:55  Probe  
  64  4:57  Probe  
  66  5:16  Colossus  
  66  5:18  Gateway  
  66  5:26  Zealot  
  66  5:27  Pylon  
  74  5:29  Zealot  
  76  5:42  Pylon  
  76  5:45  Probe x2  
  76  5:46  Zealot  
  76  5:47  Assimilator  
  76  5:49  Twilight Council  
  80  5:50  Assimilator, Zealot  
  82  6:06  Stalker, Probe  
  82  6:09  Probe  
  86  6:13  Forge  
  86  6:14  Probe  
  86  6:16  Nexus, Pylon  
  86  6:22  Probe x2  
  88  6:28  Templar Archives  
  89  6:39  Forge  
  89  6:55  Pylon  
  89  6:57  Protoss Ground Weapons Level 1  
  89  6:59  Sentry  
  91  7:02  Gateway  
  91  7:04  Stalker  
  91  7:07  High Templar  
  95  7:13  Photon Cannon  
  95  7:16  Photon Cannon  
  95  7:19  Pylon  
  95  7:22  Stalker  
  97  7:25  High Templar, Warp Prism  
  97  7:29  Probe x3  
  104  7:31  Stalker  
  106  7:39  Assimilator  
  106  7:41  Probe, Pylon  
  106  7:42  Probe x2  
  106  7:44  Assimilator  
  109  7:45  Zealot  
  109  7:46  Archon, Stalker  
  109  7:47  Protoss Ground Armor Level 1  
  109  7:49  Zealot  
  115  7:53  Probe  
  115  7:54  Probe x2  
  115  7:56  High Templar  
  120  8:05  Sentry, Probe  
  123  8:06  Probe  
  123  8:07  Probe  
  123  8:08  Zealot  
  123  8:09  Zealot  
  123  8:11  Pylon  
  129  8:17  Probe  
  129  8:18  Immortal, Probe  
  132  8:20  Probe  
  132  8:22  Immortal  
  136  8:28  Zealot, Stalker  
  136  8:29  High Templar, Probe  
  136  8:30  Probe, Stalker  
  136  8:32  Probe  
  151  8:34  Pylon  
  151  8:41  Archon  
  145  8:48  Zealot  
  145  8:51  Zealot  
  145  8:54  Zealot  
  103  9:01  Zealot  
  89  9:09  Zealot  
  85  9:11  Sentry  
  85  9:14  Adept  
  77  9:21  High Templar  
  62  9:29  Adept  
  48  9:34  Sentry, Zealot  
  47  9:45  Probe  
  39  9:49  Stalker  
  26  9:53  Adept  
  26  9:54  Zealot  
Tags
 
Composition
Zealot Archon
League
Master
Matchup
PvT
Spawn Locations
Cross Positions
Add a new tag
Caveats
  • Supply blocks, unpowered buildings, or Contaminate may cause inaccurate times.
  • Supply counts are checked every 10 seconds.